 Dungeon Crawl Stone Soup version 0.21.1-1-g345015f (webtiles) character file.

19 letownia2 the Insei (level 2, -3/21 HPs)
             Began as a Merfolk Transmuter on Mar 14, 2018.
             Slain by Sigmund
             ... wielding a cursed -2 scythe
              (7 damage)
             ... on level 2 of the Dungeon.
             The game lasted 00:01:03 (250 turns).

letownia2 the Insei (Merfolk Transmuter)             Turns: 250, Time: 00:01:04

Health: -3/21      AC:  2    Str: 10    XL:     2   Next: 75%
Magic:  5/5        EV: 13    Int: 12    God:
Gold:   24         SH:  0    Dex: 14    Spells: 4/5 levels left

rFire    . . .     SeeInvis .     - Unarmed
rCold    . . .     Gourm    .   (no shield)
rNeg     . . .     Faith    .   b - +0 robe
rPois    .         Spirit   .   (no helmet)
rElec    .         Reflect  .   (no cloak)
rCorr    .         Harm     .   (no gloves)
MR       .....                  (no boots)
Stlth    +.........             (no amulet)
HPRegen  0.07/turn              (no ring)
MPRegen  0.09/turn              (no ring)

@: appendage (expiring)
A: change form in water, swift swim, stealthy swim, horns 2
a: End Transformation


You were on level 2 of the Dungeon.
You were not hungry.
You had grown temporary horns.
You visited 1 branch of the dungeon, and saw 2 of its levels.

You collected 24 gold pieces.

Inventory:

Missiles
 a - 27 arrows
Armour
 b - a +0 robe (worn)
Scrolls
 e - a scroll of magic mapping {unknown}
 f - a scroll of fog {unknown}
Books
 c - a book of Changes

   Spells                             Type                      Level
   a - Beastly Appendage              Transmutation                1
   b - Sticks to Snakes               Transmutation                2
   c - Spider Form                    Transmutation/Poison         3
   d - Ice Form                       Ice/Transmutation            4
   e - Blade Hands                    Transmutation                5
Comestibles
 d - a ration


   Skills:
 - Level 1.1 Fighting
 - Level 2.6 Dodging
 + Level 3.8 Unarmed Combat
 - Level 2.0 Spellcasting
 + Level 3.6 Transmutations


You had 4 spell levels left.
You knew the following spells:

 Your Spells              Type           Power        Failure   Level  Hunger
a - Beastly Appendage     Tmut           #.....       6%          1    ##.....


Dungeon Overview and Level Annotations

Branches:
Dungeon (2/15)

Altars:
Ru

Annotations:
D:2 Sigmund


Innate Abilities, Weirdness & Mutations

You revert to your normal form in water.
You are very nimble and swift while swimming.
You are very stealthy in the water. (Stealth+)
You have a pair of horns on your head.


Message History

You hit Sigmund. Your headbutt misses Sigmund.
Sigmund is lightly wounded.
Your transformation is almost over.
The bat barely misses you. The bat completely misses you.
Sigmund mumbles some strange words.
Sigmund flickers and vanishes!
Deactivating autopickup; reactivate with Ctrl-A.
It was a potion of heal wounds.
You feel much better. The bat misses you. Something hits you.
You miss something. The bat barely misses you. x2
You hit something. You headbutt something. Your punch misses something.
The bat barely misses you. Something barely misses you.
You hit something. The bat hits you but does no damage. Something hits you!
You hit something. Your punch misses something.
You hit something but do no damage. Something hits you.
* * * LOW HITPOINT WARNING * * *
You barely miss something. The bat misses you.
You closely miss something. The bat misses you. The bat closely misses you.
Something hits you!
You die...

#..... #....# #....## ..
#..... ... .... ###...
######.###########......
#.......@...#...........
#.####{####.#........#
#.#....@..#.#........#
#.#.##b##.#.#...†...##
###.#.#...#.#.#...#...#
#......._.........#...#
#.#.#.#...#.#.#...+...#
#.#.#.##.##.#.#...#...####
#.#.#.......#.#..........#
#.#.####.####.#...........
#.#......†....#...........


You could see a bat.

Vanquished Creatures
  An adder (D:2)
  A dart slug (D:2)
  A bat zombie (D:1)
  A goblin (D:2)
  A hobgoblin (D:2)
  A quokka (D:2)
  A frilled lizard (D:2)
  A giant cockroach zombie (D:1)
  A rat (D:1)
9 creatures vanquished.

Notes
Turn   | Place    | Note
-------+----------+-------------------------------------------
     0 | D:1      | letownia2 the Merfolk Transmuter began the quest for the Orb.
     0 | D:1      | Reached XP level 1. HP: 15/15 MP: 3/3
   179 | D:2      | Reached XP level 2. HP: 10/21 MP: 3/5
   190 | D:2      | Found a sacrificial altar of Ru.
   237 | D:2      | Noticed Sigmund
   250 | D:2      | Slain by Sigmund

Skill      XL: |  1 |
---------------+----+-----
Transmutations | 3 |  3.6
Fighting       | |  1.1
Dodging        | |  2.6
Unarmed Combat | |  3.8
Spellcasting   | |  2.0

Action                   || total
-------------------------++-------
Melee: Unarmed           ||    42
       Headbutt          ||     5
 Cast: Beastly Appendage ||     3
  Use: Potion            ||     1
 Stab: Sleeping          ||     1
Armor: Robe              ||     7
Dodge: Dodged            ||    28
